 Dungeon Crawl Stone Soup version 0.27-a0-1090-gb115f176c6 (webtiles) character file.

Game seed: 2464943911964011051

42 scammafunk the Ruffian (level 3, -1/36 HPs)
             Began as a Troll Chaos Knight on Apr 27, 2021.
             Was a Plaything of Xom.
             Slain by a water moccasin (3 damage)
             ... on level 3 of the Dungeon.
             The game lasted 00:05:55 (1187 turns).

scammafunk the Ruffian (Troll Chaos Knight)         Turns: 1187, Time: 00:06:08

Health: -1/36      AC:  6    Str: 21    XL:     3   Next: 33%
Magic:  2/2        EV: 10    Int:  8    God:    Xom [.*....]
Gold:   16         SH:  0    Dex:  9    Spells: 2/2 levels left

rFire    . . .     SeeInvis .     - Unarmed
rCold    . . .     Faith    .   (no shield)
rNeg     . . .     Spirit   .   a - +2 robe
rPois    .         Reflect  .   (helmet restricted)
rElec    .         Harm     .   (no cloak)
rCorr    .         Rampage  .   (gloves unavailable)
Will     .....                  (boots unavailable)
Stlth    +.........             (no amulet)
HPRegen  1.12/turn              (no ring)
MPRegen  0.08/turn              (no ring)

@: lethally poisoned (-1 -> -7), attractive
A: large, unfitting armour, claws 3, regeneration 1, shaggy fur 1, tough skin 1
a: Renounce Religion


You were on level 3 of the Dungeon.
You worshipped Xom.
You were a plaything of Xom.
You visited 1 branch of the dungeon, and saw 3 of its levels.

You collected 109 gold pieces.
You spent 93 gold pieces at shops.

Inventory:

Armour
 a - a +2 robe (worn)
Scrolls
 e - a scroll of fog
 f - 2 scrolls of identify {unknown}
 h - a scroll of amnesia {unknown}
 i - a scroll of torment {unknown}
 k - a scroll of teleportation {unknown}
 l - a scroll of noise {unknown}
 m - a scroll of immolation {unknown}
 n - a scroll of brand weapon {unknown}
 o - a scroll of fear {unknown}
Potions
 b - 2 potions of attraction
 c - a potion of heal wounds {unknown}
 d - a potion of brilliance {unknown}
 g - 2 potions of haste {unknown}
 j - a potion of might {unknown}


   Skills:
 + Level 2.9 Fighting
 + Level 2.4 Dodging
 + Level 3.5 Unarmed Combat


You had 2 spell levels left.
You didn't know any spells.
Your spell library was empty.

Dungeon Overview and Level Annotations

Branches:
Dungeon (3/15)

Altars:

Shops:
D:2 [*


Innate Abilities, Weirdness & Mutations

You are too large for most types of armour.
You have claws for hands.
Your natural rate of healing is unusually fast.
You are covered in fur. (AC +1)
You have tough skin. (AC +1)


Message History

There is an open door here.
You barely miss the water moccasin. The water moccasin bites you!
You claw the water moccasin!
The water moccasin is heavily wounded.
The water moccasin bites you. x2
You are poisoned.
The water moccasin poisons you!
You barely miss the water moccasin.
The water moccasin is heavily wounded.
You feel very sick. The water moccasin closely misses you.
You closely miss the water moccasin.
The water moccasin is heavily wounded.
You feel very sick. The water moccasin closely misses you.
You claw the water moccasin!
The water moccasin is severely wounded.
You feel very sick. The water moccasin closely misses you.
The water moccasin barely misses you.
You closely miss the water moccasin.
The water moccasin is severely wounded.
You feel sick. The water moccasin bites you.
* * * LOW HITPOINT WARNING * * *
You are lethally poisoned!
The water moccasin poisons you!
You barely miss the water moccasin.
The water moccasin is severely wounded.
* * * LOW HITPOINT WARNING * * *
You feel very sick. The water moccasin bites you.
* * * LOW HITPOINT WARNING * * *
It was a potion of attraction.
You feel attractive to monsters.
Xom is highly amused!
* * * LOW HITPOINT WARNING * * *
You feel very sick.
The water moccasin bites you but does no damage.
The water moccasin bites you.
You die...
Xom laughs nastily!

...........#
######.####
#.# #.#
##.####.##.
#.§§.......
#.§§########+
#..#§§§§....#
#..#§@####+.
#..#§#S...#
#..#.#K##.#
...#§#.#
###.#.#..
#.#.+## #..
+#


You could see a water moccasin and a kobold.

Vanquished Creatures
  2 dart slugs
  A ball python (D:1)
  4 endoplasms
  A giant cockroach (D:2)
  5 goblins
  6 hobgoblins
  4 jackals
  A quokka (D:2)
  4 frilled lizards
  2 kobolds
  4 rats
34 creatures vanquished.

Notes
Turn   | Place    | Note
-------+----------+-------------------------------------------
     0 | D:1      | scammafunk the Troll Chaos Knight began the quest for the
                  | Orb.
     0 | D:1      | Reached XP level 1. HP: 22/22 MP: 0/0
    59 | D:1      | XOM: silly message
    73 | D:1      | Reached XP level 2. HP: 29/29 MP: 1/1
   407 | D:1      | XOM: silly message
   695 | D:2      | Found Gempya's Armour Shop.
   706 | D:2      | Reached XP level 3. HP: 33/36 MP: 2/2
   731 | D:2      | XOM is BORED!
   731 | D:2      | XOM: silly message
   810 | D:2      | Found Vovav's General Store.
  1129 | D:2      | Found Pannu's Assorted Antiques.
  1138 | D:2      | Bought a scroll labelled NIFULOHOOLO for 31 gold pieces
  1138 | D:2      | Bought a scroll labelled WUFAWYT AGHUUXTYDGH for 31 gold
                  | pieces
  1138 | D:2      | Bought a scroll labelled PEZXIEDOOWN for 31 gold pieces
  1177 | D:3      | Noticed a water moccasin
  1187 | D:3      | Slain by a water moccasin

Illustrated notes

Levels and vault maps discovered:
D:1:      lightli_molten_gateway, layout_loops_cross
D:2:      layout_loops_ring, serial_shops, shop, shop, shop
D:3:      minmay_general_purpose_star, layout_basic, grunt_dithmenos_smoke,
          ebering_ghost_reflecting_pool,
          hellmonk_ecumenical_altar_pennies_from_heaven, minivault_11

Skill      XL: |  1 |
---------------+----+-----
Dodging        | 2 |  2.4
Fighting       | |  2.9
Unarmed Combat | |  3.5

Action                   || total
-------------------------++-------
Melee: Unarmed           ||    82
       Punch             ||     1
  Use: Scroll            ||     1
       Potion            ||     1
Armor: Robe              ||    27
Dodge: Dodged            ||    32

Table legend: (Time is in decaauts)
 A = Elapsed time spent in this place.
 B = Non-inter-level travel time spent in this place.
 C = Inter-level travel time spent in this place.
 D = Time resting spent in this place.
 E = Time spent auto-exploring this place.
 F = Levels seen in this place.
 G = Mean time per level.
                   A        B        C        D        E       F      G
               +--------+--------+--------+--------+--------+-----+--------+
         Total |   1182 |   1162 |     20 |      0 |    855 |   3 |  394.0 |
       Dungeon |   1182 |   1162 |     20 |      0 |    855 |   3 |  394.0 |
               +--------+--------+--------+--------+--------+-----+--------+

Top non-repeatable levels by time:
     D:1: 572 daAuts
     D:2: 568 daAuts
     D:3: 40 daAuts
